 Dungeon Crawl Stone Soup version 0.31-a0-208-gdb31a4691d (webtiles) character file.

Game seed: 14197510870652214240

67 Anon1729 the Ducker (level 4, -1/34 HPs)
             Began as a Demonspawn Gladiator on June 28, 2023.
             Slain by a gnoll
             ... wielding a +0 halberd
              (8 damage)
             ... on level 3 of the Dungeon.
             The game lasted 00:00:38 (1310 turns).

Anon1729 the Ducker (Demonspawn Gladiator)          Turns: 1310, Time: 00:00:39

Health: -1/34      AC:  5    Str: 14    XL:     4   Next: 0%
Magic:  5/5        EV: 12    Int: 10    God:
Gold:   86         SH:  0    Dex: 16    Spells: 3/3 levels left

rFire   . . .        a - +0 rapier
rCold   . . .        (no shield)
rNeg    . . .        b - +0 leather armour
rPois   .            c - +0 helmet
rElec   .            (no cloak)
rCorr   .            (no gloves)
SInv    .            j - +0 pair of boots
Will    .....        (no amulet)
Stlth   ++           t - ring of wizardry
HPRegen 0.25/turn    (no ring)
MPRegen 0.09/turn

%: wizardry (x1)
@: no status effects
A: demonic magic 1
a: no special abilities


You were on level 3 of the Dungeon.
You visited 1 branch of the dungeon, and saw 3 of its levels.

You collected 86 gold pieces.

Inventory:

Hand Weapons
 a - a +0 rapier (weapon)
Missiles
 d - 3 throwing nets (quivered)
 e - a javelin
Armour
 b - a +0 leather armour (worn)
 c - a +0 helmet (worn)
 j - a +0 pair of boots (worn)
Jewellery
 t - a ring of wizardry (left hand)
Wands
 w - a wand of light (6)
Scrolls
 f - a scroll of enchant weapon {unknown}
 i - 3 scrolls of identify {unknown}
 l - 2 scrolls of teleportation {unknown}
 n - a scroll of acquirement {unknown}
 p - a scroll of immolation {unknown}
 r - a scroll of poison {unknown}
 s - a scroll of enchant armour {unknown}
 u - a scroll of noise {unknown}
 v - a scroll of brand weapon {unknown}
Potions
 g - 5 potions of might {unknown}
 h - a potion of attraction {unknown}
 k - a potion of berserk rage {unknown}
 m - a potion of degeneration {unknown}
 o - a potion of invisibility {unknown}
 q - a potion of heal wounds {unknown}
 x - 2 potions of lignification {unknown}
 z - a potion of curing {unknown}


   Skills:
 + Level 2.4 Fighting
 + Level 3.0 Short Blades
 - Level 1.7 Throwing
 + Level 1.1 Armour
 + Level 3.1 Dodging
 + Level 1.1 Stealth
 + Level 1.8 Invocations


You had 3 spell levels left.
You didn't know any spells.
Your spell library contained the following spells:

 Spells                   Type           Power      Damage    Failure   Level
 Apportation              Tloc           0%         N/A       19%         1
 Necrotise                Necr           0%         1d4       19%         1
 Sandblast                Erth           0%         2d4       19%         1
 Summon Small Mammal      Summ           0%         N/A       19%         1
 Passwall                 Tmut/Erth      0%         N/A       26%         2
 Stone Arrow              Conj/Erth      0%         3d7       45%         3


Dungeon Overview and Level Annotations

Branches:
Dungeon (3/15)

Altars:

Shops:
D:2 [


Innate Abilities, Weirdness & Mutations

Spells you cast may paralyse adjacent enemies.


Message History

The gnoll hits you from afar with a +0 halberd.
You hit the gnoll but do no damage.
The gnoll hits you from afar with a +0 halberd!
The gnoll closely misses you.
You barely miss the gnoll. The gnoll closely misses you.
The gnoll barely misses you.
You barely miss the gnoll. The gnoll hits you with a +0 whip.
The gnoll hits you from afar with a +0 halberd!
You are too injured to fight recklessly!
You are too injured to fight recklessly!
You are too injured to fight recklessly!
You are too injured to fight recklessly!
You are too injured to fight recklessly!
You are too injured to fight recklessly!
You are too injured to fight recklessly!
You are too injured to fight recklessly!
You are too injured to fight recklessly!
You are too injured to fight recklessly!
You are too injured to fight recklessly!
You are too injured to fight recklessly!
You are too injured to fight recklessly!
You are too injured to fight recklessly!
You are too injured to fight recklessly!
You are too injured to fight recklessly!
You are too injured to fight recklessly!
You are too injured to fight recklessly!
You are too injured to fight recklessly!
You hit the gnoll but do no damage. The gnoll barely misses you. x2
You closely miss the gnoll. The gnoll hits you with a +0 whip.
The gnoll barely misses you.
You hit the gnoll.
The gnoll is heavily wounded.
The gnoll hits you with a +0 whip.
* * * LOW HITPOINT WARNING * * *
The gnoll closely misses you.
You hit the gnoll but do no damage.
The gnoll is heavily wounded.
The gnoll hits you but does no damage.
The gnoll hits you from afar with a +0 halberd!
You die...

#.. #.# #.# #.#
.g. #g# #### #g#
# #... #@# #
###...### #.# #
#.......# #.# #
#.......#####.# #
#.............#
##
##...........##
.####....##.###.#
......### #.# #.#
.##########.###.#


You could see 3 gnolls.

Vanquished Creatures
  4 adders
  A dart slug (D:2)
  3 endoplasms
  2 giant cockroaches (D:2)
  3 hobgoblins
  5 ball pythons
  3 bats
  3 frilled lizards
  3 goblins (D:3)
  2 kobolds
  2 rats
31 creatures vanquished.

Notes
Turn   | Place    | Note
-------+----------+-------------------------------------------
     0 | D:1      | Anon1729 the Demonspawn Gladiator began the quest for the
                  | Orb.
     0 | D:1      | Reached XP level 1. HP: 16/16 MP: 1/1
   142 | D:1      | You fall into a shaft and drop 1 floor!
   187 | D:2      | Gained mutation: Spells you cast may paralyse adjacent
                  | enemies. [demonic ancestry]
   187 | D:2      | Reached XP level 2. HP: 22/22 MP: 2/2
   386 | D:2      | Found Qeimigh's Armour Boutique.
   414 | D:2      | Reached skill level 1 in Invocations
   782 | D:2      | Reached XP level 3. HP: 27/27 MP: 2/4
   978 | D:3      | Reached skill level 1 in Stealth
  1164 | D:3      | Reached skill level 1 in Armour
  1253 | D:3      | Reached XP level 4. HP: 33/34 MP: 5/5
  1310 | D:3      | Slain by a gnoll

Illustrated notes

Levels and vault maps discovered:
D:1:      dpeg_arrival_brainrot, layout_basic, minmay_ruptured
D:2:      layout_loops_ring, serial_shops, shop, kennysheep_path_1,
          minmay_pentomino_q2
D:3:      layout_loops_ring, mainiacjoe_overflow_chevrons, serial_shops,
          nicolae_shop_advertising_works [nicolae_subvault_shop_adworks],
          solitary_fountain

Skill      XL: |  1  2  3 |
---------------+----------+-----
Invocations    | 1 |  1.8
Dodging        | 3 |  3.1
Stealth        | 1 |  1.1
Armour         | 1 |  1.1
Short Blades   | 3 |  3.0
Fighting       | |  2.4
Throwing       | |  1.7

Action                     |  1- 3 |  4- 6 || total
---------------------------+-------+-------++-------
  Melee: Rapier            |   120 |     8 ||   128
         Punch             |     1 |       ||     1
   Stab: Sleeping          |     6 |       ||     6
 Armour: Leather armour    |    34 |     1 ||    35
  Dodge: Dodged            |    87 |     8 ||    95

Table legend: (Time is in decaauts)
 A = Elapsed time spent in this place.
 B = Non-inter-level travel time spent in this place.
 C = Inter-level travel time spent in this place.
 D = Time resting spent in this place.
 E = Time spent auto-exploring this place.
 F = Levels seen in this place.
 G = Mean time per level.
                   A        B        C        D        E       F      G
               +--------+--------+--------+--------+--------+-----+--------+
         Total |   1317 |   1287 |     30 |      0 |   1007 |   3 |  439.0 |
       Dungeon |   1317 |   1287 |     30 |      0 |   1007 |   3 |  439.0 |
               +--------+--------+--------+--------+--------+-----+--------+

Top non-repeatable levels by time:
     D:2: 721 daAuts
     D:3: 452 daAuts
     D:1: 143 daAuts
